cohdb
Replays
Latest Replays
All Replays
Popular Replays
Top Player Replays
Match Explorer
How It Works
Community
CoH3 Stats
Reddit
Sign in to upload your games and track your stats! →
Sign in with Steam
Match 25219227
Unlisted
Match 25219227
Overview
Messages
Build Orders
End
Selects Battlefield Espionage Battlegroup
Panzergrenadier Squad
250 Light Carrier
Panzergrenadier Squad
Construct Light Support Kompanie
MG34 Team
Fire Support Elements
Selects Intel Disruption Beacon
Pak 38 Anti-tank Gun Team
le.IG 18 Mechanized Group
2.5-tonne Medical Truck
Selects Plunder
Selects Firestorm
Firestorm
Pak 38 Anti-tank Gun Team
Construct Panzerarmee Kommand
Panzer III L Medium Tank
Selects 250/3 Funkpanzerwagen
Selects Anti-Tank Incendiary Munitions
Panzerpioneer Squad
Panzer III L Medium Tank
Tungsten Core Ammunition
Firestorm
Armored Reserves
士兵的勋章
✪ Neorick
DaMerkKid
Пахазок
Freshper88
火龙果
williamxu
TidaL
0
0
Comments
sign in to comment!
No comments posted yet!